 Dungeon Crawl Stone Soup version 0.31-a0-801-gc67433417a (webtiles) character file.

Game seed: 8921416509104182158

79 GordonOverkill the Sneak (level 4, -2/28 HPs)
             Began as a Deep Elf Delver on Sept 20, 2023.
             Slain by a troll (6 damage)
             ... on level 6 of the Dungeon.
             The game lasted 00:01:00 (44 turns).

GordonOverkill the Sneak (Deep Elf Delver)            Turns: 44, Time: 00:01:01

Health: -2/28      AC:  3    Str:  9    XL:     4   Next: 16%
Magic:  6/6        EV: 12    Int: 15    God:
Gold:   22         SH:  0    Dex: 18    Spells: 3/3 levels left

rFire   . . .        a - +0 short sword
rCold   . . .        (no shield)
rNeg    . . .        b - +0 leather armour
rPois   .            (no helmet)
rElec   .            (no cloak)
rCorr   .            (no gloves)
SInv    .            (no boots)
Will    .....        (no amulet)
Stlth   +++          (no ring)
HPRegen 0.24/turn    (no ring)
MPRegen 0.10/turn

%: no passive effects
@: hasted, very quick
A: no striking features
a: no special abilities


You were on level 6 of the Dungeon.
You visited 1 branch of the dungeon, and saw 2 of its levels.

You collected 22 gold pieces.

Inventory:

Hand Weapons
 a - a +0 short sword (weapon)
Armour
 b - a +0 leather armour (worn)
Wands
 g - a wand of digging (3)
Scrolls
 c - a scroll of fog
 d - a scroll of revelation


   Skills:
 - Level 3.0 Fighting
 - Level 2.0 Short Blades
 + Level 4.3 Ranged Weapons
 - Level 2.4 Dodging
 - Level 6.0 Stealth


You had 3 spell levels left.
You didn't know any spells.
Your spell library was empty.

Dungeon Overview and Level Annotations

Branches:
Dungeon (6/15)
 Temple: D:4-7

Altars:


Message History

The now-empty wand crumbles to dust.
You barely miss the phantom.
The phantom is almost destroyed.
You hit the phantom.
The phantom is almost destroyed.
The phantom closely misses you.
You hit the phantom.
You destroy the phantom!
Training target 3.0 for Fighting reached!
Your Fighting skill increases to level 3!
You need to enable at least one skill for training.
Your Ranged Weapons skill gained 4 levels and is now at level 4!
You have reached level 2!
You have reached level 3!
Your experience leads to an increase in your attributes!
Increase (S)trength, (I)ntelligence, or (D)exterity?
You feel agile. x2
You have reached level 4!
You feel clever.
You don't know any spells.
Unknown command.
Unknown command.
A troll comes into view.
You now have 22 gold pieces (gained 17).
The troll attacks as it pursues you! The troll bites you. The troll claws you.
The troll closely misses you.
As you read the scroll of fear, it crumbles to dust.
You assume a fearsome visage.
The troll resists with some effort.
The troll bites you but does no damage. The troll claws you but does no damage.
The troll claws you!
* * * LOW HITPOINT WARNING * * *
The troll attacks as it pursues you! The troll bites you.
* * * LOW HITPOINT WARNING * * *
The troll barely misses you. The troll closely misses you.
Okay, then.
You feel yourself speed up. The troll barely misses you. x2
The troll claws you!
* * * LOW HITPOINT WARNING * * *
The troll attacks as it pursues you! The troll bites you.
You die...

#..# # #..## #.
#...###### ####
#.##.....#..# ....
#...........#.....
###.....#..##....
#..............
###########....##...##..
#<........'.@T.......+
###########....##...##
#....###### ######


You could see a troll.

Vanquished Creatures
  A phantom (D:6)
1 creature vanquished.

Notes
Turn   | Place    | Note
-------+----------+-------------------------------------------
     0 | D:5      | GordonOverkill the Deep Elf Delver began the quest for the
                  | Orb.
     0 | D:5      | Reached XP level 1. HP: 13/13 MP: 3/3
    14 | D:6      | Noticed a phantom
    27 | D:6      | Killed a phantom
    28 | D:6      | Reached XP level 2. HP: 19/19 MP: 4/4
    28 | D:6      | Reached XP level 3. HP: 23/23 MP: 5/5
    28 | D:6      | Reached XP level 4. HP: 28/28 MP: 6/6
    32 | D:6      | Noticed a troll
    44 | D:6      | Slain by a troll

Illustrated notes

Levels and vault maps discovered:
D:5:      layout_basic, lemuel_doored_altar, kennysheep_little_box,
          nicolae_uskayaw_en_pointe, uniq_edmund, uniq_ijyb
D:6:      layout_basic, lightli_temple_of_fire, minmay_temple_entry_slanted,
          minmay_fractal_squares_gapless_5

Skill      XL: |  1 |
---------------+----+-----
Fighting       | 3 |  3.0
Ranged Weapons | 4 |  4.3
Short Blades   | |  2.0
Dodging        | |  2.4
Stealth        | |  6.0

Action                     |  1- 3 |  4- 6 || total
---------------------------+-------+-------++-------
  Melee: Short sword       |     3 |       ||     3
  Evoke: Wand              |     4 |       ||     4
    Use: Scroll            |       |     1 ||     1
         Potion            |       |     1 ||     1
 Armour: Leather armour    |       |     8 ||     8
  Dodge: Dodged            |     1 |     5 ||     6

Table legend: (Time is in decaauts)
 A = Elapsed time spent in this place.
 B = Non-inter-level travel time spent in this place.
 C = Inter-level travel time spent in this place.
 D = Time resting spent in this place.
 E = Time spent auto-exploring this place.
 F = Levels seen in this place.
 G = Mean time per level.
                   A        B        C        D        E       F      G
               +--------+--------+--------+--------+--------+-----+--------+
         Total |     43 |     43 |      0 |      0 |      0 |   2 |   21.5 |
       Dungeon |     43 |     43 |      0 |      0 |      0 |   2 |   21.5 |
               +--------+--------+--------+--------+--------+-----+--------+

Top non-repeatable levels by time:
     D:6: 42 daAuts
     D:5: 1 daAuts
